 Dungeon Crawl Stone Soup version 0.31.0-32-g396128a36d (webtiles) character file.

Game seed: 2980743284850501885

253162 ripuliukko the Eclecticist (level 19, -11/93 HPs)
             Began as a Gargoyle Earth Elementalist on Apr 21, 2024.
             Was the Champion of Vehumet.
             Mangled by a deep troll (21 damage)
             ... led by an ironbound preserver
             ... on level 1 of the Vaults.
             The game lasted 01:19:40 (49805 turns).

ripuliukko the Eclecticist (GrEE)                  Turns: 49805, Time: 01:19:41

Health: -11/93     AC: 26    Str: 14    XL:     19   Next: 71%
Magic:  14/41      EV: 11    Int: 27    God:    Vehumet [******]
Gold:   1571       SH:  8    Dex: 16    Spells: 3/55 levels left

rFire   + . .        a - staff of earth
rCold   . . .        Y - +2 buckler
rNeg    + . .        W - +2 troll leather armour
rPois   ∞            f - +2 hat
rElec   +            w - +1 cloak {rCorr}
rCorr   +            G - +2 pair of gloves
SInv    .            y - +2 pair of boots
Will    +....        s - amulet of regeneration
Stlth   ++           R - ring of wizardry
HPRegen 1.95/turn    m - ring "Pyot Jes" {rF+ Int+5 Dex+6}
MPRegen 0.27/turn

%: wizardry (x1)
@: corroded, flying, studying Axes
A: sickness immunity, AC +14, big wings, negative energy resistance 1,
electricity resistance, torment resistance 1, petrification resistance
}: 2/15 runes: decaying, serpentine
a: Renounce Religion


You were on level 1 of the Vaults.
You worshipped Vehumet.
Vehumet was exalted by your worship.
You visited 8 branches of the dungeon, and saw 33 of its levels.
You also visited: Ossuary.

You collected 3681 gold pieces.
You spent 2110 gold pieces at shops.

Inventory:

Missiles
 O - 3 throwing nets
Armour
 f - a +2 hat (worn)
 w - a +1 cloak of preservation (worn)
 y - a +2 pair of boots (worn)
 G - a +2 pair of gloves (worn)
 W - a +2 troll leather armour (worn)
 Y - a +2 buckler (worn)
Magical Staves
 a - a staff of earth (weapon)
 b - a staff of conjuration
 j - a staff of cold
 B - a staff of death
 H - a staff of alchemy
Jewellery
 e - a +6 ring of strength
 h - a ring of protection from cold
 i - a ring of ice
 m - the ring "Pyot Jes" (right hand) {rF+ Int+5 Dex+6}
   (You acquired it on level 2 of the Lair of Beasts)

   [ring of protection from fire]

   Int+5:     It affects your intelligence (+5).
   Dex+6:     It affects your dexterity (+6).
   rF+:       It protects you from fire.
 s - an amulet of regeneration (around neck)
 v - a ring of willpower
 K - a +6 ring of intelligence
 N - a ring of see invisible
 R - a ring of wizardry (left hand)
 T - a ring of fire
 U - a ring of magical power
 V - a ring of resist corrosion
Wands
 g - a wand of acid (7)
 r - a wand of charming (40)
 u - a wand of mindburst (12)
 M - a wand of roots (14)
Scrolls
 l - 3 scrolls of fear
 n - 10 scrolls of teleportation
 C - 6 scrolls of fog
 D - a scroll of torment
 E - 5 scrolls of brand weapon
 F - a scroll of poison
 I - 2 scrolls of revelation
 X - 3 scrolls of blinking
 Z - 6 scrolls of immolation
Potions
 c - 10 potions of lignification
 d - 7 potions of brilliance
 k - 10 potions of haste
 o - 2 potions of magic
 p - 5 potions of heal wounds
 q - 7 potions of mutation
 t - 17 potions of curing
 x - 3 potions of resistance
 z - 4 potions of enlightenment
 A - 3 potions of might
 P - 4 potions of ambrosia
 S - 3 potions of invisibility
Miscellaneous
 J - a phial of floods
 L - a tin of tremorstones (2/2)
 Q - a phantom mirror


   Skills:
 + Level 2.2 Fighting
 + Level 2.1 Staves
 + Level 4.5 Armour
 - Level 1.6 Dodging
 - Level 2.7 Stealth
 + Level 6.3 Shields
 * Level 18.9 Spellcasting
 * Level 16.2 Conjurations
 + Level 3.5 Necromancy
 + Level 1.8 Fire Magic
 + Level 6.3 Ice Magic
 + Level 6.1 Air Magic
 * Level 18.8 Earth Magic
 + Level 6.2 Alchemy
 * Level 11.3 Evocations


You had 3 spell levels left.
You knew the following spells:

 Your Spells              Type           Power      Damage    Failure   Level
a - Sandblast             Erth           100%       2d20      0%          1
b - Swiftness             Air            55%        N/A       1%          3
c - Mephitic Cloud        Conj/Alch/Air  67%        N/A       1%          3
d - Freezing Cloud        Conj/Ice/Air   33%        6-21      1%          5
e - Lee's Rapid Deconstr  Erth           56%        3d26*     0%          5
f - Borgnjor's Vile Clut  Necr/Erth      46%        N/A       1%          5
g - Sticky Flame          Fire/Alch      47%        2d9       1%          4
i - Ignite Poison         Fire/Alch      47%        N/A       1%          4
q - Stone Arrow           Conj/Erth      100%       3d13      0%          3
s - Shatter               Erth           56%        3d42*     12%         9
t - Olgreb's Toxic Radia  Alch           56%        N/A       1%          4
w - Bombard               Conj/Erth      55%        9d9       1%          6

Your spell library contained the following spells:

 Spells                   Type           Power      Damage    Failure   Level
 Maxwell's Capacitive Co  Air            27%        ∞         71%         8
 Magic Dart               Conj           100%       1d8       0%          1
 Sting                    Conj/Alch      100%       1d9       0%          1
 Passwall                 Erth           100%       N/A       0%          3
 Apportation              Tloc           50%        N/A       1%          1
 Necrotise                Necr           100%       1d9       1%          1
 Summon Small Mammal      Summ           100%       N/A       1%          1
 Blink                    Tloc           50%        N/A       1%          2
 Call Imp                 Summ           50%        N/A       1%          2
 Ensorcelled Hibernation  Hex/Ice        84%        N/A       1%          2
 Lesser Beckoning         Tloc           50%        N/A       1%          2
 Mercury Vapours          Alch/Air       100%       N/A       1%          2
 Momentum Strike          Conj/Tloc      100%       3d10      1%          2
 Scorch                   Fire           70%        2d7       1%          2
 Static Discharge         Conj/Air       100%       3-8/arc   1%          2
 Fugue of the Fallen      Necr           44%        N/A       1%          3
 Inner Flame              Hex/Fire       30%        N/A       1%          3
 Ozocubu's Armour         Ice            56%        N/A       1%          3
 Summon Ice Beast         Ice/Summ       42%        N/A       1%          3
 Call Canine Familiar     Summ           25%        N/A       3%          3
 Gell's Gravitas          Tloc           25%        N/A       3%          3
 Sigil of Binding         Hex            25%        N/A       3%          3
 Teleport Other           Tloc           25%        N/A       3%          3
 Brom's Barrelling Bould  Conj/Erth      100%       2d11      0%          4
 Airstrike                Air            27%        2d(4-20)  1%          4
 Animate Armour           Summ/Erth      100%       N/A       1%          4
 Flame Wave               Conj/Fire      65%        2d15      1%          4
 Leda's Liquefaction      Alch/Erth      48%        N/A       1%          4
 Petrify                  Alch/Erth      96%        N/A       1%          4
 Irradiate                Conj/Alch      36%        3d23      1%          5
 Orb of Destruction       Conj           42%        9d12      1%          7
 Lehudib's Crystal Spear  Conj/Erth      55%        10d13     1%          8
 Animate Dead             Necr           44%        N/A       2%          4
 Summon Lightning Spire   Summ/Air       42%        N/A       3%          4
 Anguish                  Hex/Necr       17%        N/A       5%          4
 Summon Blazeheart Golem  Fire/Summ      30%        N/A       8%          4
 Spellforged Servitor     Conj/Summ      31%        N/A       9%          7
 Cause Fear               Hex            12%        N/A       11%         4
 Dimensional Bullseye     Hex/Tloc       12%        N/A       11%         4
 Manifold Assault         Tloc           25%        N/A       11%         4
 Death Channel            Necr           22%        N/A       34%         6
 Dispersal                Tloc           12%        N/A       82%         6
 Summon Cactus Giant      Summ           12%        N/A       82%         6
 Chain Lightning          Conj/Air       36%        3d48      87%         9
 Fire Storm               Conj/Fire      32%        8d8       98%         9
 Ignition                 Fire           17%        3d7       99%         8
 Polar Vortex             Ice            28%        12d3*     99%         9
 Enfeeble                 Hex            12%        N/A       100%        7


Dungeon Overview and Level Annotations

Branches:
Dungeon (15/15)            Temple (1/1) D:6            Lair (5/5) D:11
  Swamp (4/4) Lair:3        Snake (4/4) Lair:2        Slime (0/5) Lair:5
    Orc (2/2) D:11            Elf (1/3) Orc:2        Vaults (1/5) D:14
 Depths (0/4) D:15        Ossuary (visited)

Altars:
Ashenzari
Cheibriados
Dithmenos
Elyvilon
Fedhas
Gozag
Kikubaaqudgha
Makhleb
Nemelex Xobeh
Okawaru
Qazlal
Ru
Sif Muna
Trog
Uskayaw
Vehumet
Wu Jian
Xom
Yredelemnul
Zin
The Shining One
Jiyva

Shops:
D:7 [   D:11 (   D:13 !   D:14 *   D:15 ?   Orc:2 *=!(   Snake:1 :([
Snake:4 !(?

Annotations:
Lair:2 Agnes


Innate Abilities, Weirdness & Mutations

You are immune to sickness and miasma.
Your stone body is resilient. (AC +14)
You are immune to poison.
Your large and strong wings let you fly.
You resist negative energy. (rN+)
You are resistant to electric shocks. (rElec)
You are resistant to unholy torment.
You are immune to petrification.


Message History

The deep troll bites you but does no damage.
The deep troll claws you!
The deep troll claws you but does no damage.
The entropy weaver hits you. You block the entropy weaver's attack.
The entropy weaver hits you but does no damage. x2
The deep troll attacks as it pursues you!
The deep troll bites you!
* * * LOW HITPOINT WARNING * * *
The deep troll claws you.
* * * LOW HITPOINT WARNING * * *
You block the deep troll's attack.
The entropy weaver hits you but does no damage. x4
Casting: Stone Arrow (safe; 0% risk of failure)
Confirm with . or Enter, or press ? or * to list all spells.
You feel a surge of power!
The dungeon rumbles!
The deep troll is almost dead.
The entropy weaver is heavily wounded.
You kill the deep troll!
Vehumet accepts your kill.
You feel your power returning.
You kill the ironbound convoker!
Vehumet accepts your kill.
You feel your power returning.
You kill the deep troll!
Vehumet accepts your kill.
You feel your power returning.
The vault guard is almost dead.
You kill the ironbound convoker!
Vehumet accepts your kill.
You feel your power returning.
Ka-crash!
You hear a shout! x2
The entropy weaver hits you but does no damage.
You block the entropy weaver's attack. The entropy weaver hits you.
* * * LOW HITPOINT WARNING * * *
The entropy weaver closely misses you. You block the deep troll's attack.
The deep troll claws you!
* * * LOW HITPOINT WARNING * * *
The deep troll claws you!!
You die...

... .. .. .p [† .#
..#.## .#...## ##
T...#.####.#######..##.#
...p....#......T@.....#
B.#.....#......B......#
†#......#.....)..∩....#
...p....#.....).......#
.#..p..##..............#
..#.....#..p............
.....T..#)..............
...p.B#p......#.#####...
..#.....#.......#.#


You could see a vault guard, an entropy weaver and a deep troll (strong).

Vanquished Creatures
  Vashnia (Snake:2)
  Nikola (Snake:1)
  Jorgrun (Orc:1)
  Rupert (D:15)
  Mlioglotl (Snake:4)
  Asterion (Snake:1)
  A quicksilver dragon (Snake:4)
  Frances (D:13)
  Gastronok (Lair:1)
  Aizul (Snake:1)
  3 nagarajas (Snake:4)
  Louise (Snake:2)
  3 deep elf elementalists (Elf:1)
  An ironbound thunderhulk (Vaults:1)
  An ironbound preserver (Vaults:1)
  A deep elf death mage (Elf:1)
  5 eleionomae
  5 bunyips
  2 shambling mangroves
  2 quicksilver dragon zombies (D:15)
  Josephine (D:13)
  A deep elf high priest (Elf:1)
  26 hydras
  2 salamander tyrants
  7 alligators
  5 catoblepae
  2 ironbound frosthearts (Vaults:1)
  9 centaur warriors
  A death knight (D:14)
  7 two-headed ogres
  8 dancing weapons
  9 anacondas
  7 boulder beetles
  A tengu warrior (D:14)
  14 naga warriors
  2 hell hogs (Lair:5)
  13 death yaks
  A vampire mage (D:15)
  18 naga sharpshooters
  5 orc high priests
  7 shock serpents
  2 skysharks
  5 deep elf knights (Elf:1)
  A fire crab (Lair:4)
  2 salamander mystics
  2 sea snakes (Snake:4)
  6 skeletal warriors
  Lodul (D:13)
  7 deep trolls (Vaults:1)
  A bog body (Swamp:1)
  2 spriggan druids (Swamp:4)
  11 swamp dragons
  A lindwurm (Lair:4)
  10 mana vipers
  8 goliath frogs
  3 naga ritualists
  2 orc knights
  3 ironbound convokers (Vaults:1)
  5 deep elf archers (Elf:1)
  18 deep elf pyromancers
  15 deep elf zephyrmancers (Elf:1)
  A necromancer (D:15)
  A phantasmal warrior (D:14)
  14 ugly things
  17 salamanders
  3 orc sorcerers (Orc:2)
  3 will-o-the-wisps
  A wolf spider (D:15)
  3 manticores
  8 cyclopes
  A moth of wrath (Lair:5)
  2 kobold blastminers (Orc:1)
  37 black mambas
  A gargoyle (D:12)
  16 naga magi
  9 guardian serpents
  10 cane toads
  2 unseen horrors (D:12)
  2 molten gargoyles (Lair:5)
  16 komodo dragons
  5 rime drakes
  2 efreet
  A freezing wraith (D:14)
  4 trolls
  8 tyrant leeches
  2 bloated husks (Swamp:2)
  18 blink frogs
  3 hornets
  Prince Ribbit (D:5)
  4 dream sheep (Lair:4)
  6 slime creatures
  Sigmund (D:2)
  A spriggan (Swamp:2)
  A vampire (D:14)
  9 wraiths
  3 shadows
  6 wyverns
  A fire bat (shapeshifter) (D:15)
  A fire elemental (Elf:1)
  52 yaks
  Grum (D:10)
  6 basilisks
  3 steam dragons
  11 vampire mosquitoes
  57 nagas
  18 swamp worms
  4 acid dragons
  A two-headed ogre zombie (D:9)
  7 hell hounds (Lair:5)
  21 water moccasins
  3 sky beasts (D:7)
  12 swamp drakes
  2 laughing skulls (D:15)
  7 wolves
  2 black bears
  24 orc warriors
  23 ogres
  A crocodile (shapeshifter) (D:15)
  8 centaurs
  A phantom (D:5)
  A kobold brigand (D:7)
  5 bullfrogs
  6 necrophages (D:5)
  5 gnoll sergeants
  An earth elemental (Elf:1)
  10 scorpions
  10 wights
  2 wyvern skeletons (D:5)
  7 killer bees
  4 howler monkeys
  5 electric eels
  2 centaur zombies (Ossuary)
  5 lava snakes (Lair:5)
  A bullfrog zombie (D:5)
  5 human zombies
  34 orc priests
  A bombardier beetle (D:5)
  3 jellies
  2 hounds
  A sleepcap (D:5)
  2 gnoll boudas
  Ijyb (D:5)
  15 iguanas
  4 scorpion zombies
  31 orc wizards
  9 hell rats (Lair:5)
  A hound skeleton (D:5)
  3 mummies (Ossuary)
  7 gnolls
  3 adders
  A shadow imp (D:7)
  5 white imps
  6 ufetubi
  2 adder zombies (Ossuary)
  2 ribbon worms
  A dart slug (D:5)
  59 orcs
  3 bats (D:1)
  6 endoplasms
  3 giant cockroaches
  2 gnoll zombies (Ossuary)
  7 goblins
  6 hobgoblins
  10 jackals
  5 quokkas
  4 ball pythons
  2 frilled lizards
  A jackal zombie (Ossuary)
  8 kobolds
  4 orc zombies (Ossuary)
  2 rats
1098 creatures vanquished.

Vanquished Creatures (collateral kills)
  Kirke (D:13)
  A hog (D:13)
  4 boulders
6 creatures vanquished.

Vanquished Creatures (others)
  A black mamba (Snake:1)
  A bloated husk (Swamp:3)
  A human (D:13)
  A yak (D:5)
  A hell hound (Lair:5)
  3 boulders (D:7)
  4 foxfires (Swamp:3)
12 creatures vanquished.

Grand Total: 1116 creatures vanquished

Notes
Turn   | Place    | Note
-------+----------+-------------------------------------------
     0 | D:1      | ripuliukko the Gargoyle Earth Elementalist began the quest
                  | for the Orb.
     0 | D:1      | Reached XP level 1. HP: 10/10 MP: 3/3
   164 | D:1      | Reached XP level 2. HP: 15/15 MP: 1/5
   622 | D:1      | Reached XP level 3. HP: 17/19 MP: 3/6
  1441 | D:2      | Noticed Sigmund
  1453 | D:2      | Killed Sigmund
  1454 | D:2      | Reached skill level 5 in Earth Magic
  1454 | D:2      | Reached XP level 4. HP: 21/24 MP: 2/9
  1454 | D:2      | Reached XP level 5. HP: 24/28 MP: 2/10
  1462 | D:2      | Learned a level 3 spell: Stone Arrow
  2673 | D:4      | Reached XP level 6. HP: 28/32 MP: 4/12
  2736 | D:4      | Found a shimmering altar of Xom.
  3497 | D:5      | Entered Level 5 of the Dungeon
  3507 | D:5      | Noticed Prince Ribbit
  3533 | D:5      | Killed Prince Ribbit
  3534 | D:5      | Reached skill level 5 in Spellcasting
  3534 | D:5      | Reached XP level 7. HP: 12/37 MP: 0/15
  3750 | D:5      | Found a sand-covered staircase.
  3756 | Ossuary  | Entered an ossuary
  3920 | Ossuary  | Reached XP level 8. HP: 42/42 MP: 12/17
  4607 | D:5      | Reached skill level 1 in Evocations
  4770 | D:5      | Reached XP level 9. HP: 46/46 MP: 17/21
  4775 | D:5      | Learned a level 4 spell: Brom's Barrelling Boulder
  4779 | D:5      | Learned a level 3 spell: Mephitic Cloud
  4785 | D:5      | Learned a level 5 spell: Freezing Cloud
  4850 | D:5      | Noticed Ijyb
  4858 | D:5      | Killed Ijyb
  5016 | D:5      | You fall into a shaft and drop 1 floor!
  5085 | D:5      | Reached skill level 1 in Ice Magic
  5441 | D:5      | Reached skill level 1 in Air Magic
  5441 | D:5      | Reached skill level 1 in Alchemy
  5618 | D:5      | Found an ancient bone altar of Kikubaaqudgha.
  6625 | D:6      | Found a basalt altar of Yredelemnul.
  6629 | D:6      | Found a sparkling altar of Nemelex Xobeh.
  6657 | D:6      | Found a shimmering blue altar of Sif Muna.
  6842 | D:6      | Found a staircase to the Ecumenical Temple.
  6959 | D:6      | Found a white marble altar of Elyvilon.
  7166 | Temple   | Entered the Ecumenical Temple
  7205 | Temple   | Became a worshipper of Vehumet
  7316 | D:7      | Reached XP level 10. HP: 51/51 MP: 16/23
  7362 | D:7      | Found a blossoming altar of Fedhas.
  7451 | D:7      | Reached skill level 5 in Conjurations
  8111 | D:7      | Found Heinrich's Dragon-Slaying Spoils.
  8232 | D:7      | Reached * piety under Vehumet
  8232 | D:7      | Offered knowledge of Shock by Vehumet.
  8924 | D:7      | Reached skill level 1 in Staves
  8924 | D:7      | Reached skill level 10 in Spellcasting
  9281 | D:7      | Noticed a purple ugly thing
  9283 | D:7      | Reached skill level 1 in Fighting
  9289 | D:7      | Noticed a manticore
  9617 | D:7      | Noticed a cyclops
  9619 | D:7      | Killed a cyclops
  9620 | D:7      | Reached XP level 11. HP: 56/56 MP: 18/25
  9623 | D:7      | Killed a purple ugly thing
  9625 | D:7      | Killed a manticore
  9775 | D:7      | Got Sif Muna's Vademecum on Contaminated Firn
 10451 | D:8      | Found a burning altar of Makhleb.
 10867 | D:9      | Reached ** piety under Vehumet
 10869 | D:9      | Offered knowledge of Foxfire by Vehumet.
 11250 | D:9      | Noticed a two-headed ogre
 11255 | D:9      | Killed a two-headed ogre
 11689 | D:9      | Found a stormy altar of Qazlal.
 11731 | D:9      | Found a shadowy altar of Dithmenos.
 11785 | D:9      | Offered knowledge of Hailstorm by Vehumet.
 11815 | D:9      | Noticed a two-headed ogre
 11817 | D:9      | Noticed a two-headed ogre
 11819 | D:9      | Killed a two-headed ogre
 11819 | D:9      | Noticed a two-headed ogre
 11820 | D:9      | Killed a two-headed ogre
 11823 | D:9      | Reached *** piety under Vehumet
 11824 | D:9      | Killed a two-headed ogre
 12017 | D:9      | Learned a level 4 spell: Olgreb's Toxic Radiance
 12072 | D:10     | Entered Level 10 of the Dungeon
 12150 | D:10     | Found a hide-covered altar of Uskayaw.
 12301 | D:10     | Noticed a four-headed hydra
 12365 | D:10     | Identified the +1 scimitar "Qayghon" {flame, *Noise rN+++
                  | Int-4 Stlth+}
 12366 | D:10     | Found a runed translucent door.
 12368 | D:10     | Noticed a two-headed ogre
 12431 | D:10     | Noticed Grum
 12435 | D:10     | Killed Grum
 12575 | D:10     | Identified the +0 robe "Abiesk" {rC+}
 12820 | D:10     | Identified the +7 plate armour of Watchfulness {rC++
                  | Slay+2}
 13013 | D:10     | Reached XP level 12. HP: 49/60 MP: 21/27
 13014 | D:10     | Killed a four-headed hydra
 13015 | D:10     | Reached skill level 10 in Earth Magic
 13015 | D:10     | Offered knowledge of Inner Flame by Vehumet.
 13016 | D:10     | Killed a two-headed ogre
 13240 | D:11     | Noticed a two-headed ogre
 13245 | D:11     | Noticed a boulder beetle
 13260 | D:11     | Killed a boulder beetle
 13303 | D:11     | Noticed an eight-headed hydra
 13537 | D:11     | Killed an eight-headed hydra
 13567 | D:11     | Reached skill level 5 in Evocations
 13568 | D:11     | Killed a two-headed ogre
 13705 | D:11     | Identified the +10 plate armour of Hangman {rF++ Int+3
                  | Dex+2}
 13952 | D:11     | Found a staircase to the Orcish Mines.
 14491 | D:11     | Found a staircase to the Lair.
 14812 | D:11     | Found Vuoph's Antique Weapon Shoppe.
 15148 | D:12     | Reached **** piety under Vehumet
 15374 | D:12     | Noticed a boulder beetle
 15382 | D:12     | Killed a boulder beetle
 15549 | D:12     | Noticed a two-headed ogre
 15556 | D:12     | Killed a two-headed ogre
 15557 | D:12     | Reached skill level 1 in Shields
 15557 | D:12     | Reached XP level 13. HP: 65/65 MP: 8/29
 15731 | D:12     | Offered knowledge of Ignite Poison by Vehumet.
 15738 | D:12     | Learned a level 4 spell: Ignite Poison
 16445 | D:13     | Found Ajechahu's Distillery.
 16450 | D:13     | Reached skill level 10 in Conjurations
 16526 | D:13     | Bought a potion of heal wounds for 85 gold pieces
 16526 | D:13     | Bought a potion of mutation for 136 gold pieces
 16536 | D:13     | Noticed Kirke
 16545 | D:13     | Killed Kirke
 16556 | D:13     | Reached skill level 1 in Armour
 16783 | D:13     | Noticed Josephine
 16788 | D:13     | Killed Josephine
 16879 | D:13     | Noticed Lodul
 16884 | D:13     | Killed Lodul
 16885 | D:13     | Reached skill level 5 in Air Magic
 17114 | D:13     | Reached skill level 1 in Necromancy
 17145 | D:13     | Noticed Frances
 17151 | D:13     | Killed Frances
 17152 | D:13     | Reached skill level 1 in Fire Magic
 17156 | D:13     | Learned a level 3 spell: Swiftness
 17744 | D:13     | Learned a level 8 spell: Lehudib's Crystal Spear
 18452 | D:14     | Gained mutation: Your large and strong wings let you fly.
                  | [Gargoyle growth]
 18452 | D:14     | Reached XP level 14. HP: 59/70 MP: 4/31
 18581 | D:14     | Found Unuzaq's Assorted Antiques.
 18600 | D:14     | Bought a scroll labelled GAEQE FINANWIF for 34 gold pieces
 18600 | D:14     | Bought a scroll of identify for 68 gold pieces
 18944 | Lair:1   | Entered Level 1 of the Lair of Beasts
 18944 | Lair:1   | Noticed Gastronok
 18952 | Lair:1   | Killed Gastronok
 19228 | Lair:1   | Learned a level 5 spell: Borgnjor's Vile Clutch
 19450 | Lair:1   | Reached ***** piety under Vehumet
 19450 | Lair:1   | Offered knowledge of Arcjolt by Vehumet.
 19492 | Lair:1   | Reached skill level 5 in Shields
 19889 | Lair:1   | Reached skill level 5 in Ice Magic
 21585 | Lair:2   | Found a staircase to the Snake Pit.
 21861 | Lair:2   | Identified a scroll of acquirement
 21861 | Lair:2   | Acquired the ring "Pyot Jes" {rF+ Int+5 Dex+6}
 22262 | Lair:3   | Found a staircase to the Swamp.
 22457 | Lair:3   | Reached skill level 5 in Alchemy
 22741 | Lair:4   | Reached XP level 15. HP: 74/74 MP: 14/33
 23126 | Lair:4   | You are sucked into a shaft and drop 1 floor!
 23126 | Lair:5   | Entered Level 5 of the Lair of Beasts
 23130 | Lair:5   | Offered knowledge of Iskenderun's Mystic Blast by Vehumet.
 23322 | Lair:5   | Found a large runed translucent door.
 23323 | Lair:5   | Found a large runed translucent door.
 23687 | Lair:5   | Found a staircase to the Slime Pits.
 23687 | Lair:5   | Found a viscous altar of Jiyva.
 24955 | Lair:5   | Offered knowledge of Plasma Beam by Vehumet.
 25281 | Lair:5   | Reached skill level 15 in Spellcasting
 26177 | Lair:5   | Learned a level 4 spell: Sticky Flame
 27575 | D:14     | Found a gate to the Vaults.
 27687 | D:15     | Entered Level 15 of the Dungeon
 28027 | D:15     | Reached XP level 16. HP: 79/79 MP: 9/35
 28192 | D:15     | Noticed Rupert
 28849 | D:15     | Found Vaummo's Magic Scroll Boutique.
 28986 | D:15     | Bought a scroll of blinking for 127 gold pieces
 28986 | D:15     | Bought a scroll of amnesia for 68 gold pieces
 29018 | D:15     | Killed Rupert
 29441 | D:15     | Found a staircase to the Depths.
 30108 | Orc:1    | Entered Level 1 of the Orcish Mines
 30172 | Orc:1    | Offered knowledge of Ozocubu's Refrigeration by Vehumet.
 30206 | Orc:1    | Noticed Jorgrun
 30213 | Orc:1    | Killed Jorgrun
 30475 | Orc:2    | Entered Level 2 of the Orcish Mines
 31298 | Orc:2    | Found a staircase to the Elven Halls.
 31416 | Orc:2    | Found Call's Distillery.
 31417 | Orc:2    | Found Onoo's Antique Weapon Boutique.
 31418 | Orc:2    | Found Ogaynn's Jewellery Shop.
 31444 | Orc:2    | Found Kitidgh's General Store.
 31447 | Orc:2    | Bought a potion of heal wounds for 70 gold pieces
 31447 | Orc:2    | Bought a potion of heal wounds for 70 gold pieces
 31447 | Orc:2    | Bought a potion of resistance for 140 gold pieces
 31447 | Orc:2    | Bought a potion of ambrosia for 112 gold pieces
 32191 | Snake:1  | Entered Level 1 of the Snake Pit
 32353 | Snake:1  | Offered knowledge of Lee's Rapid Deconstruction by Vehumet.
 32371 | Snake:1  | Learned a level 5 spell: Lee's Rapid Deconstruction
 32591 | Snake:1  | Noticed Agnes
 32592 | Snake:1  | Identified the serpent talisman of the Wasteland {rF++
                  | Str+2}
 32592 | Snake:1  | Noticed Aizul
 33239 | Snake:1  | Killed Aizul
 33248 | Snake:1  | Reached skill level 15 in Earth Magic
 33645 | Snake:1  | Found Hesutsus's Armour Shop.
 33647 | Snake:1  | Found Memelytu's Antique Weapon Boutique.
 33649 | Snake:1  | Found Esauczev's Book Shop.
 33657 | Snake:1  | Bought a book of Annihilations for 960 gold pieces
 33945 | Snake:1  | Noticed Nikola
 33954 | Snake:1  | Killed Nikola
 34776 | Snake:2  | Noticed Asterion
 34781 | Snake:1  | Noticed an Executioner
 34782 | Snake:1  | Killed Asterion
 35005 | Snake:2  | Reached XP level 17. HP: 76/84 MP: 13/37
 35682 | Snake:2  | Noticed Louise
 35690 | Snake:2  | Killed Louise
 35932 | Snake:2  | Noticed Vashnia
 36210 | Snake:2  | Killed Vashnia
 37134 | Snake:3  | Found a glowing silver altar of Zin.
 37652 | Snake:3  | Offered knowledge of Bombard by Vehumet.
 38226 | Snake:3  | Reached skill level 10 in Evocations
 38420 | Snake:3  | Learned a level 6 spell: Bombard
 39348 | Snake:4  | Entered Level 4 of the Snake Pit
 39576 | Snake:4  | HP: 3/84 [naga warrior/+0 halberd (16)]
 40269 | Snake:4  | Reached XP level 18. HP: 89/89 MP: 27/39
 40603 | Snake:4  | Noticed a quicksilver dragon
 40608 | Snake:4  | Killed a quicksilver dragon
 40628 | Snake:4  | Reached ****** piety under Vehumet
 41239 | Snake:4  | Found Enack's Distillery.
 41248 | Snake:4  | Bought a potion of magic for 128 gold pieces
 41435 | Snake:4  | Noticed Mlioglotl
 41443 | Snake:4  | Killed Mlioglotl
 41715 | Snake:4  | Reached skill level 15 in Conjurations
 41786 | Snake:4  | Found Zyshois's Magic Scroll Shop.
 41847 | Snake:4  | Found Dimegri's Antique Weapon Shop.
 41851 | Snake:4  | Bought a scroll of enchant armour for 112 gold pieces
 42258 | Snake:4  | Got a serpentine rune of Zot
 42733 | Snake:4  | Learned a level 9 spell: Shatter
 42869 | Swamp:1  | Entered Level 1 of the Swamp
 44870 | Swamp:3  | Offered knowledge of Ignition by Vehumet.
 45508 | Swamp:4  | Entered Level 4 of the Swamp
 46490 | Swamp:4  | Reached XP level 19. HP: 93/93 MP: 12/41
 46772 | Swamp:4  | Got a decaying rune of Zot
 47463 | Elf:1    | Entered Level 1 of the Elven Halls
 49270 | Elf:1    | Got the Papyrus of Attacks
 49575 | Vaults:1 | Entered Level 1 of the Vaults
 49594 | Vaults:1 | Offered knowledge of Maxwell's Capacitive Coupling by
                  | Vehumet.
 49745 | Vaults:1 | Identified the +4 shortbow of Qonuir {speed, rF+ rN+ MP-9
                  | Str+2 Int+2}
 49805 | Vaults:1 | Mangled by a deep troll

Illustrated notes

Levels and vault maps discovered:
D:1:      dpeg_arrival_brainrot, layout_basic, nicolae_kite_square_tiling_tiny,
          nrook_mini_vaults
D:2:      layout_loops_cross, uniq_sigmund
D:3:      layout_basic, nicolae_concentric_dashed_squares_wild
D:4:      layout_loops_ring, lemuel_tele_altar, kennysheep_generic_room_15
D:5:      minmay_general_purpose_star, layout_loops_corners,
          lemuel_mausoleum_altar_kikubaaqudgha, nicolae_ossuary_entry_plus,
          uniq_prince_ribbit1, uniq_ijyb
D:6:      layout_cave_pools, nicolae_overflow_squiral, amcnicky_altar_gilded,
          marbit_many_paths, temple_doors_e, hex_tiny
D:7:      minmay_the_grid_triangle_9x9_rhombus_full
          [minmay_the_grid_triangle_9x9_warning,
          minmay_the_grid_triangle_9x9_skeleton,
          minmay_the_grid_triangle_9x9_pentomino_pain,
          minmay_the_grid_triangle_9x9_sprig,
          minmay_the_grid_triangle_9x9_intruding_spiral,
          minmay_the_grid_triangle_9x9_sparse_checkered,
          minmay_the_grid_triangle_9x9_checkered,
          minmay_the_grid_triangle_9x9_prize_center], layout_loops_ring,
          fedhas_altar_3, ebering_dispersal_statue_hall,
          nicolae_shop_dragon_depot
D:8:      layout_loops_ring, nicolae_overflow_hidden_temple,
          mainiacjoe_overflow_catwalk
D:9:      lemuel_ogre_cave, layout_basic, jmf_multi_god_temple2, special_room
          [special_room_orc]
D:10:     layout_basic, eat_drink_and_be_merry_uskayaw, minmay_st_funbox,
          uniq_grum
D:11:     minmay_skewed_foursquare, layout_basic, david_lair_shrubbed,
          serial_shops, shop, minmay_fractal_squares_gapless_7
D:12:     layout_irregular_city, grunt_ministairs_8
D:13:     layout_stronghold, serial_shops, shop, uniq_frances, uniq_lodul,
          uniq_kirke, uniq_josephine
D:14:     layout_roguey, erik_vaults_1, kennysheep_path_1, serial_shops,
          nicolae_shop_statue_plus
D:15:     gammafunk_depths_entry_grave, layout_rooms, serial_shops,
          nicolae_shop_gibbet_a_chance, uniq_rupert
Temple:   hellmonk_temple_beads
Lair:1:   layout_regular_city, minivault_23, st_stairs_8, grunt_megastairs_3,
          uniq_gastronok
Lair:2:   layout_loops_ring, minmay_snake_entry_guardpost_small,
          dreamdust_gnoll_shepherd
Lair:3:   layout_layer_cave, swamp_mist_pool
Lair:4:   layout_gridlike, lemuel_fruit_tree
Lair:5:   cheibrodos_lair_end_hotspot, layout_gridlike, slime_entry_1,
          special_room [special_room_mythical_zoo], worms_lemuel,
          serial_bayou_shore_a
Swamp:1:  layout_basic_swamp, nicolae_swamp_trees_clearing, swamp_pool_1_2,
          wheals_swamp_sinkhole
Swamp:2:  layout_falls_marsh, nicolae_swamp_reclaimed_castle
Swamp:3:  layout_falls_marsh, serial_swamp_ruin, evilmike_swamp_ruin_house_5,
          hangedman_swamp_ruin_wall
Swamp:4:  swamp_alternative, layout_basic_swamp
Snake:1:  layout_layer_cave, minmay_shop_star, uniq_agnes, uniq_nikola,
          uniq_aizul
Snake:2:  layout_rooms, uniq_vashnia, uniq_louise, uniq_asterion
Snake:3:  layout_chambers, basic_altar
Snake:4:  hellmonk_snake_rune_quicksilver_temple, layout_gridlike, serial_shops,
          nicolae_shop_industrial_runoff, nicolae_wooded_promenade,
          serial_bayou_crossing, serial_bayou_shore_b, uniq_mlioglotl
Orc:1:    layout_caves, uniq_jorgrun
Orc:2:    st_orc_mages, layout_caves, basic_altar
Elf:1:    hangedman_cross_stitches, layout_loops_corners,
          kennysheep_underground_church, guppyfry_library_mini
Vaults:1: nicolae_vaults_what_the_h, nicolae_vaults_offset_grid_hallway_4,
          nicolae_vaults_trapezoid_2, v_alt_pattern_3,
          nicolae_vaults_trapezoid_4, nicolae_vaults_tetromino_L_2,
          nicolae_vaults_taking_the_gang_shopping, hangedman_vaults_capsules,
          nicolae_vaults_security_offices_4, nicolae_vaults_diagonal_hallway_8,
          nicolae_vaults_more_shelving_1, nicolae_vaults_little_ls,
          grunt_vaults_hallway_short, v_misc_1, vaults_dpeg_encased_lava,
          layout_vaults_ring

Skill      XL: |  1  2  3  4  5  6  7  8  9 10 11 12 13 14 15 16 17 18 19 |
---------------+----------------------------------------------------------+-----
Earth Magic    | 4 5 6 7 8 9 10 11 13 14 15 16 17 18 | 18.8
Spellcasting   | 3 4 5 6 8 9 10 11 12 13 14 15 16 17 18 | 18.9
Conjurations   | 2 3 4 6 8 9 10 12 13 14 15 16 | 16.2
Evocations     | 1 2 3 4 5 6 7 8 9 10 11 | 11.3
Ice Magic      | 2 3 4 5 6 |  6.3
Air Magic      | 1 2 3 4 5 6 |  6.1
Alchemy        | 1 2 3 4 5 6 |  6.2
Staves         | 1 2 |  2.1
Fighting       | 1 2 |  2.2
Shields        | 1 3 5 6 |  6.3
Armour         | 2 3 4 |  4.5
Necromancy     | 1 2 3 |  3.5
Fire Magic     | 1 |  1.8
Dodging        | |  1.6
Stealth        | |  2.7

Action                     |  1- 3 |  4- 6 |  7- 9 | 10-12 | 13-15 | 16-18 | 19-21 || total
---------------------------+-------+-------+-------+-------+-------+-------+-------++-------
  Melee: Staff             |       |     3 |     6 |   102 |    42 |    61 |    20 ||   234
         Punch             |       |       |       |     2 |       |       |       ||     2
   Cast: Sandblast         |    42 |    55 |   100 |    11 |     5 |     8 |     7 ||   228
         Stone Arrow       |       |     3 |    69 |   212 |   414 |   557 |   127 ||  1382
         Brom's Barrelling |       |       |       |     7 |       |       |       ||     7
         Mephitic Cloud    |       |       |       |     8 |       |       |       ||     8
         Freezing Cloud    |       |       |       |    23 |    84 |   130 |    16 ||   253
         Olgreb's Toxic Ra |       |       |       |     9 |    49 |    42 |       ||   100
         Borgnjor's Vile C |       |       |       |       |    26 |   110 |     7 ||   143
         Lehudib's Crystal |       |       |       |       |     1 |     2 |       ||     3
         Sticky Flame      |       |       |       |       |       |     3 |       ||     3
         Ignite Poison     |       |       |       |       |       |     4 |     2 ||     6
         Lee's Rapid Decon |       |       |       |       |       |    29 |    12 ||    41
         Bombard           |       |       |       |       |       |    63 |    11 ||    74
         Shatter           |       |       |       |       |       |     1 |    11 ||    12
  Evoke: Wand              |       |       |     1 |     2 |     4 |     2 |     4 ||    13
    Use: Scroll            |       |     7 |       |    10 |    13 |    11 |     2 ||    43
         Potion            |       |     4 |     1 |     1 |     5 |     3 |     1 ||    15
 Armour: Robe              |    10 |    17 |    90 |   171 |    24 |       |       ||   312
         Skin              |       |     7 |       |       |       |       |       ||     7
         Troll leather arm |       |       |       |       |   330 |   621 |   164 ||  1115
  Dodge: Dodged            |    12 |    17 |    70 |   113 |   135 |   254 |    33 ||   634
  Block: Buckler           |       |       |       |     4 |   101 |   225 |    27 ||   357
